 Dungeon Crawl Stone Soup version 0.31-a0-986-g5e6e4ef867 (webtiles) character file.

Game seed: 23737376179778703

3333 Forgeling the Grappler (level 9, -2/79 HPs)
             Began as a Troll Shapeshifter on Nov 13, 2023.
             Was a Believer of Hepliaklqana.
             Slain by a two-headed ogre
             ... wielding a +0 dire flail
              (10 damage)
             ... on level 9 of the Dungeon.
             The game lasted 00:18:12 (5459 turns).

Forgeling the Grappler (Troll Shapeshifter)         Turns: 5459, Time: 00:18:13

Health: -2/79      AC:  6    Str: 26    XL:     9   Next: 71%
Magic:  8/8        EV: 14    Int:  6    God:    Hepliaklqana [**....]
Gold:   607        SH:  0    Dex: 11    Spells: 8/8 levels left

rFire   . .          .
                       - Unarmed
rCold   + . .        (shield currently unavailable)
rNeg    . . .        E - +0 troll leather armour {Pargi}
rPois   .            (helmet restricted)
rElec   .            B - +0 cloak
rCorr   .            (gloves unavailable)
SInv    .            (boots unavailable)
Will    .....        (no amulet)
Stlth   +            a - ring of protection from cold
HPRegen 1.93/turn    k - +5 ring of evasion
MPRegen 0.11/turn

%: no passive effects
@: lethally poisoned (-2 -> -2), flux-form, glowing
A: glow, contaminating, reduced essence, large, unfitting armour, claws 3,
regeneration 1, shaggy fur 1, tough skin 1
a: Begin Untransformation, Renounce Religion, Recall Ancestor, Ancestor Identity


You were on level 9 of the Dungeon.
You worshipped Hepliaklqana.
Hepliaklqana was pleased with you.
You were something dangerously unstable.
You visited 1 branch of the dungeon, and saw 9 of its levels.
You also visited: Sewer.

You collected 607 gold pieces.

Inventory:

Missiles
 t - 11 poisoned darts
 u - a throwing net
 w - 6 javelins
 C - 3 curare-tipped darts
 K - a boomerang
Armour
 B - a +0 cloak (worn)
 E - a +0 troll leather armour (worn) {Pargi}
 F - a +0 tower shield
Jewellery
 a - a ring of protection from cold (left claw)
 k - a +5 ring of evasion (right claw)
 x - a ring of protection from cold
 y - a ring of resist corrosion
Talismans
 H - a flux talisman (active)
Wands
 d - a wand of digging (6)
 i - a wand of iceblast (31)
 j - a wand of polymorph (3)
 q - a wand of flame (41)
Scrolls
 c - 3 scrolls of noise
 f - 3 scrolls of fear {unknown}
 g - a scroll of immolation {unknown}
 l - 3 scrolls of vulnerability {unknown}
 m - a scroll of revelation {unknown}
 n - a scroll of fog {unknown}
 o - a scroll of torment {unknown}
 v - a scroll of brand weapon {unknown}
 z - a scroll of blinking {unknown}
 G - a scroll of enchant weapon {unknown}
 I - 3 scrolls of enchant armour {unknown}
 O - 3 scrolls of silence
 Y - 5 scrolls of teleportation {@r3}
 Z - a scroll of identify {@r1}
Potions
 b - 2 potions of enlightenment
 e - a potion of brilliance {unknown}
 p - a potion of mutation {unknown}
 r - a potion of heal wounds {unknown}
 s - 2 potions of degeneration {unknown}
 A - 3 potions of attraction
 D - a potion of haste {unknown}
 J - 5 potions of curing {@q1}
 W - 2 potions of lignification


   Skills:
 + Level 5.6 Fighting
 - Level 1.5 Dodging
 + Level 10.4 Unarmed Combat
 - Level 7.0 Shapeshifting


You had 8 spell levels left.
You didn't know any spells.
Your spell library contained the following spells:

 Spells                   Type           Power      Damage    Failure   Level
 Apportation              Tloc           0%         N/A       50%         1
 Foxfire                  Conj/Fire      0%         2x1d4     50%         1
 Necrotise                Necr           0%         1d4       50%         1
 Sandblast                Erth           0%         2d4       50%         1
 Summon Small Mammal      Summ           0%         N/A       50%         1
 Jinxbite                 Hex            0%         N/A       65%         2
 Passwall                 Tmut/Erth      0%         N/A       65%         2
 Wereblood                Tmut           0%         N/A       65%         2
 Gell's Gravitas          Tloc           0%         N/A       86%         3
 Ignite Poison            Fire/Tmut/Pois 0%         N/A       86%         3
 Stone Arrow              Conj/Erth      0%         3d7       86%         3
 Teleport Other           Tloc           0%         N/A       86%         3
 Brom's Barrelling Bould  Conj/Erth      0%         2d3       99%         4
 Sticky Flame             Conj/Fire      0%         2d3       99%         4
 Alistair's Intoxication  Tmut/Pois      0%         N/A       100%        5
 Irradiate                Conj/Tmut      0%         3d11      100%        5
 Dispersal                Tloc           0%         N/A       100%        6
 Plasma Beam              Fire/Air       0%         2x1d10    100%        6
 Starburst                Conj/Fire      0%         6d3       100%        6
 Ignition                 Fire           0%         3d3       100%        8


Dungeon Overview and Level Annotations

Branches:
Dungeon (9/15)             Temple (0/1) D:6           Sewer (visited)
   Lair: D:8-11         Orc: D:9-12

Altars:
Ashenzari
Dithmenos
Elyvilon
Fedhas
Hepliaklqana
Makhleb
Okawaru
Sif Muna
Vehumet
Wu Jian
Zin
The Shining One

Shops:
D:4 (   D:5 =   D:6 *

Annotations:
D:7 exclusion: oklob plant


Innate Abilities, Weirdness & Mutations

You are something dangerously unstable.
You glow with magical radiation, making you easy to see and hit.
Foes you strike become dangerously contaminated with magical radiation.
You are incapable of wielding weapons or throwing items.
Your life essence is reduced to manifest your ancestor. (-10% HP)
You are too large for most types of armour.
You have claws for hands.
Your natural rate of healing is unusually fast.
You are covered in fur. (AC +1)
You have tough skin. (AC +1)


Message History

Okay, then.
Unknown command.
Unknown command.
Unknown command.
Unknown command.
Unknown command.
Unknown command.
Okay, then.
Unknown command.
Unknown command.
Unknown command.
Unknown command.
Unknown command.
Unknown command.
Unknown command.
As you read the scroll of teleportation {@r3}, it crumbles to dust.
You feel strangely unstable.
You feel extremely sick.
The hornet stings Izel.
The black bear closely misses Izel.
The black bear claws Izel.
Izel barely misses the black bear.
The hornet stings Izel!
Izel is destroyed!
The black bear growls angrily.
You feel yourself speed up.
You feel very sick.
You hear an angry hiss.
The water moccasin attacks as it pursues you!
The water moccasin bites you!
* * * LOW HITPOINT WARNING * * *
The water moccasin attacks as it pursues you!
The water moccasin bites you.
* * * LOW HITPOINT WARNING * * *
The water moccasin bites you.
* * * LOW HITPOINT WARNING * * *
Your surroundings suddenly seem different.
A two-headed ogre comes into view.
It is wielding a +0 dire flail and a +0 giant club.
You feel very sick.
The two-headed ogre shouts in stereo!
The two-headed ogre hits you with a +0 giant club!
You die...

## ..#####
#..~P.###
#....~≈~##
#.....~(~^
#.........
######..~~.~PP.
......OpPP#
##.########


You could see a two-headed ogre.

Vanquished Creatures
  Prince Ribbit (D:5)
  A wyvern (D:8)
  A steam dragon (D:8)
  Edmund (D:4)
  2 water moccasins (D:7)
  A black bear (D:5)
  A sky beast (D:7)
  2 ice beasts
  2 centaurs
  2 kobold brigands
  2 bullfrogs (D:8)
  2 scorpions
  3 wights (D:6)
  2 killer bees
  2 howler monkeys
  2 jellies
  4 orc priests
  2 hounds (D:6)
  5 iguanas
  2 sleepcaps
  8 gnolls
  9 adders
  2 shadow imps
  A white imp (D:5)
  4 ufetubi
  2 worms
  6 dart slugs
  13 orcs
  11 ball pythons
  7 endoplasms
  2 giant cockroaches (D:3)
  7 goblins
  5 hobgoblins
  6 jackals
  5 quokkas
  A bat (D:3)
  15 kobolds
  8 rats
152 creatures vanquished.

Vanquished Creatures (collateral kills)
  A steam dragon (D:8)
  A black bear (D:6)
  Pargi (Sewer)
  A centaur (D:9)
  A phantom (D:5)
  A killer bee (D:8)
  A jelly (D:8)
  An adder (Sewer)
  A white imp (D:7)
  3 orcs
  3 giant cockroaches
  A kobold (D:9)
16 creatures vanquished.

Vanquished Creatures (others)
  A battlemage (D:9)
  3 ancestors (D:7)
  An orc (D:8)
5 creatures vanquished.

Grand Total: 173 creatures vanquished

Notes
Turn   | Place    | Note
-------+----------+-------------------------------------------
     0 | D:1      | Forgeling the Troll Shapeshifter began the quest for the
                  | Orb.
     0 | D:1      | Reached XP level 1. HP: 18/18 MP: 0/0
   127 | D:1      | Reached XP level 2. HP: 26/26 MP: 1/1
   270 | D:1      | Reached skill level 4 in Unarmed Combat
   300 | D:1      | Reached XP level 3. HP: 32/32 MP: 2/2
  1082 | D:3      | Reached XP level 4. HP: 38/40 MP: 3/3
  1104 | D:3      | Reached skill level 5 in Unarmed Combat
  1321 | D:3      | Found an ornate altar of the Wu Jian Council.
  1321 | D:3      | Found a burning altar of Makhleb.
  1321 | D:3      | Found a hazy altar of Hepliaklqana.
  1321 | D:3      | Found a glowing silver altar of Zin.
  1331 | D:3      | Found a shimmering blue altar of Sif Muna.
  1333 | D:3      | Found a glowing golden altar of the Shining One.
  1345 | D:3      | Became a worshipper of Hepliaklqana the Forgotten
  1760 | D:3      | Reached XP level 5. HP: 46/46 MP: 4/4
  1858 | D:4      | Noticed Edmund
  1893 | D:4      | Reached skill level 6 in Unarmed Combat
  1899 | D:4      | Killed Edmund
  1900 | D:4      | Reached XP level 6. HP: 38/54 MP: 5/5
  2012 | D:4      | Found a broken altar of Ashenzari.
  2018 | D:4      | Reached skill level 7 in Unarmed Combat
  2062 | D:4      | Reached skill level 1 in Fighting
  2106 | D:4      | Found a white marble altar of Elyvilon.
  2225 | D:4      | Found Cenu's Antique Weapon Boutique.
  2623 | D:5      | Entered Level 5 of the Dungeon
  2647 | D:5      | Found Ocle's Jewellery Shop.
  2734 | D:5      | Reached * piety under Hepliaklqana
  2907 | D:5      | Noticed Prince Ribbit
  2920 | D:5      | Killed Prince Ribbit
  2921 | D:5      | Reached XP level 7. HP: 28/59 MP: 6/6
  2981 | D:5      | Reached skill level 8 in Unarmed Combat
  3100 | D:5      | Reached XP level 8. HP: 59/70 MP: 7/7
  3172 | D:6      | Found Zaew's Sacrilege Store.
  3205 | D:6      | Reached skill level 9 in Unarmed Combat
  3285 | D:6      | Reached skill level 5 in Fighting
  3359 | D:6      | Found a staircase to the Ecumenical Temple.
  3406 | D:6      | Found a glowing drain.
  3432 | Sewer    | Entered a sewer
  3500 | Sewer    | Noticed Pargi
  3505 | Sewer    | Killed Pargi
  3506 | Sewer    | Reached skill level 10 in Unarmed Combat
  3896 | D:7      | Noticed a two-headed ogre
  4077 | D:7      | Reached XP level 9. HP: 79/79 MP: 8/8
  4198 | D:7      | Reached skill level 5 in Shapeshifting
  4269 | D:7      | Found a blossoming altar of Fedhas.
  4282 | D:7      | Noticed an oklob plant
  4500 | D:7      | Found a radiant altar of Vehumet.
  4605 | D:8      | Found a shadowy altar of Dithmenos.
  4608 | D:8      | Reached ** piety under Hepliaklqana
  5332 | D:8      | Noticed a manticore
  5334 | D:8      | a manticore changed into a wyvern
  5374 | D:8      | Remembered your ancestor Izel as a battlemage
  5390 | D:9      | Found an iron altar of Okawaru.
  5452 | D:9      | Paralysed by a hornet for 2 turns
  5459 | D:9      | Noticed a two-headed ogre
  5459 | D:9      | Slain by a two-headed ogre

Illustrated notes

Levels and vault maps discovered:
D:1:      minmay_arrival_doors, layout_rooms, roderic_lattice_a, st_stairs_6,
          minmay_hexomino_u4
D:2:      layout_basic, serial_co_window_serial, co_window_paths_a,
          co_window_paths_a, co_window_paths_b, co_window_of_opportunity_a,
          co_window_paths_a, co_window_of_opportunity_b, co_window_paths_c,
          co_window_broadway_a, co_window_of_opportunity_b, co_window_corner_b,
          co_window_corner_b, co_window_unsneaky_path_e, co_window_paths_e,
          glass_columns_a, glass_columns_a, minmay_misc_feat_doors,
          chequers_serial_rivers_small_3, uniq_sigmund
D:3:      layout_basic, minmay_overflow_temple_hex, minmay_joined_circles
D:4:      layout_basic, chequers_temple_overflow_statue_of_worship, st_stairs_7,
          minmay_shop_grid_forest, uniq_edmund
D:5:      minmay_opposing_rooms, layout_rooms, serial_shops,
          nicolae_shop_hallway_plus, uniq_prince_ribbit1
D:6:      layout_rooms, temple_doors_e, gup_sewer_entry_glass, nicolae_evil_shop
D:7:      layout_loops_cross, general_overflow_altar, tgw_fedhas
D:8:      layout_loops_ring, mainiacjoe_overflow_small_starburst,
          kennysheep_cross_room
D:9:      kennysheep_steamy, layout_small_grid, okawaru_ov_weapons_minmay,
          due_lair_maze_entry_diamond

Skill      XL: |  1  2  3  4  5  6  7  8  9 |
---------------+----------------------------+-----
Unarmed Combat | 4 5 6 7 8 10 | 10.4
Fighting       | 2 3 5 |  5.6
Shapeshifting  | 4 7 |  7.0
Dodging        | |  1.5

Action                     |  1- 3 |  4- 6 |  7- 9 || total
---------------------------+-------+-------+-------++-------
  Melee: Unarmed           |    86 |   126 |   162 ||   374
         Punch             |     1 |     2 |    10 ||    13
  Throw: Dart              |     2 |     3 |       ||     5
 Invoke: Ancestor Life: Ba |       |       |     1 ||     1
  Evoke: Wand              |       |       |     2 ||     2
    Use: Scroll            |     4 |     2 |     1 ||     7
   Stab: Sleeping          |     1 |     1 |       ||     2
         Distracted        |       |       |     1 ||     1
 Armour: Animal skin       |    54 |    79 |    30 ||   163
         Troll leather arm |       |       |    67 ||    67
  Dodge: Dodged            |    29 |    55 |   118 ||   202
   Form: Beast             |     1 |       |       ||     1
         Flux              |       |       |     1 ||     1

Table legend: (Time is in decaauts)
 A = Elapsed time spent in this place.
 B = Non-inter-level travel time spent in this place.
 C = Inter-level travel time spent in this place.
 D = Time resting spent in this place.
 E = Time spent auto-exploring this place.
 F = Levels seen in this place.
 G = Mean time per level.
                   A        B        C        D        E       F      G
               +--------+--------+--------+--------+--------+-----+--------+
         Total |   5416 |   5206 |    210 |     17 |   3905 |  10 |  541.6 |
       Dungeon |   5267 |   5057 |    210 |     17 |   3813 |   9 |  585.2 |
         Sewer |    149 |    149 |      0 |      0 |     92 |   1 |  149.0 |
               +--------+--------+--------+--------+--------+-----+--------+

Top non-repeatable levels by time:
     D:3: 817 daAuts
     D:4: 813 daAuts
     D:8: 801 daAuts
     D:7: 729 daAuts
     D:1: 703 daAuts
     D:6: 551 daAuts
     D:5: 534 daAuts
     D:2: 270 daAuts
   Sewer: 149 daAuts
     D:9: 45 daAuts
